 Dungeon Crawl Stone Soup version 0.27.1-33-g824d729ab1 (webtiles) character file.

Game seed: 16681499162045789777

29240 bellerephron the Cleaver (level 13, 0/154 HPs)
             Began as a Demonspawn Berserker on Nov 27, 2021.
             Was a High Priest of Trog.
             Killed from afar by an oklob plant (6 damage)
             ... with a splash of acid
             ... on level 5 of the Lair of Beasts.
             The game lasted 00:35:40 (16372 turns).

bellerephron the Cleaver (Demonspawn Berserker)    Turns: 16372, Time: 00:35:41

Health: 0/154      AC:  0    Str: 28    XL:     13   Next: 14%
Magic:  13/13      EV:  9    Int: 10    God:    Trog [*****.]
Gold:   306        SH: 11    Dex:  9    Spells: 12/12 levels left

rFire    . . .     SeeInvis +   a - +7 broad axe of Conservatism {flame, rElec rC+ Stlth+}
rCold    + + .     Faith    .   Q - +0 buckler
rNeg     . . .     Spirit   .   d - +1 chain mail {rC+}
rPois    +         Reflect  .   m - +0 helmet
rElec    +         Harm     .   (no cloak)
rCorr    +         Rampage  .   z - +0 pair of gloves
Will     .....                  r - +0 pair of boots
Stlth    ..........             P - amulet of Lotimes {RegenMP rCorr Dex-3 SInv}
HPRegen  0.35/turn              T - ring of poison resistance
MPRegen  0.38/turn              w - +6 ring of strength

@: berserking, corroded, very quick
A: talons 2, large bone plates 2, powered by pain 3
a: Renounce Religion, Berserk, Trog's Hand, Brothers in Arms


You were on level 5 of the Lair of Beasts.
You worshipped Trog.
Trog was extremely pleased with you.
You visited 3 branches of the dungeon, and saw 17 of its levels.
You visited 1 bazaar.

You collected 948 gold pieces.
You spent 642 gold pieces at shops.

Inventory:

Hand Weapons
 a - the +7 broad axe of Conservatism (weapon) {flame, rElec rC+ Stlth+}
   (You found it on level 8 of the Dungeon)

   It burns those it strikes, dealing additional fire damage.
   Big, fiery blades are also staple armaments of hydra-hunters.
   rC:        It protects you from cold.
   rElec:     It insulates you from electricity.
   Stlth:     It makes you more stealthy.
 b - a +2 broad axe of electrocution
 N - the +11 war axe of the Lost Planets {flame, Will+}
   (Trog gifted it to you on level 3 of the Lair of Beasts)

   It burns those it strikes, dealing additional fire damage.
   Big, fiery blades are also staple armaments of hydra-hunters.
   Will:      It increases your willpower.
 O - a +2 battleaxe of freezing
Missiles
 j - 74 poisoned darts (quivered)
 y - 10 boomerangs
 A - a curare-tipped dart
 V - 7 javelins
 X - a throwing net
Armour
 d - a +1 chain mail of cold resistance (worn)
 e - the -1 pair of gloves "Folapak" {rF- rC+ Regen+ rCorr}
   (You bought it in a shop in a bazaar)

   rF:        It makes you vulnerable to fire.
   rC:        It protects you from cold.
   Regen:     It increases your rate of health regeneration.
   rCorr:     It protects you from acid and corrosion.
 m - a +0 helmet (worn)
 r - a +0 pair of boots (worn)
 z - a +0 pair of gloves (worn)
 G - a +0 plate armour
 J - +0 steam dragon scales
 Q - a +0 buckler (worn)
Jewellery
 c - a +4 ring of protection
 q - a ring of flight
 w - a +6 ring of strength (right hand)
 E - an amulet of magic regeneration
 P - the amulet of Lotimes (around neck) {RegenMP rCorr Dex-3 SInv}
   (You found it on level 10 of the Dungeon)

   [amulet of magic regeneration]

   It increases your rate of magic regeneration.
   Dex:       It affects your dexterity (-3).
   SInv:      It lets you see invisible.
   rCorr:     It protects you from acid and corrosion.
 T - a ring of poison resistance (left hand)
Wands
 f - a wand of iceblast (12)
 x - a wand of polymorph (21)
 F - a wand of charming (17)
 S - a wand of paralysis (8)
 W - a wand of flame (22)
 Y - a wand of digging (8)
Scrolls
 k - 8 scrolls of teleportation
 p - a scroll of summoning
 B - a scroll of fog
 C - 4 scrolls of blinking
 K - a scroll of fear
 M - 3 scrolls of enchant armour
 Z - 2 scrolls of silence {unknown}
Potions
 g - 3 potions of heal wounds
 i - 5 potions of haste
 l - 11 potions of curing
 n - 3 potions of cancellation
 o - 3 potions of might
 s - a potion of lignification {unknown}
 t - 2 potions of invisibility
 v - 2 potions of flight
 D - 2 potions of mutation
 H - a potion of resistance
 I - 2 potions of ambrosia
 L - 2 potions of attraction {unknown}
 R - a potion of brilliance {unknown}
Miscellaneous
 u - a phial of floods
 U - a phantom mirror


   Skills:
 + Level 10.1 Fighting
 + Level 13.9 Axes
 + Level 3.5 Throwing
 + Level 7.7 Armour
 - Level 3.3 Dodging
 * Level 6.2 Shields
 * Level 6.4 Evocations


You had 12 spell levels left.
You didn't know any spells.
Your spell library contained the following spells:

 Spells                   Type           Power      Damage    Failure   Level
 Slow                     Hex            0%         N/A       95%         2
 Confusing Touch          Hex            0%         N/A       99%         3
 Yara's Violent Unravell  Hex/Tmut       0%         3d3       100%        5


Dungeon Overview and Level Annotations

Branches:
Dungeon (11/15)            Temple (1/1) D:5            Lair (5/6) D:8
  Swamp (0/4) Lair:3       Spider (0/4) Lair:2          Orc (0/2) D:11
  Slime: Lair:5-6

Altars:
Ashenzari
Cheibriados
Dithmenos
Elyvilon
Fedhas
Gozag
Hepliaklqana
Kikubaaqudgha
Makhleb
Nemelex Xobeh
Okawaru
Qazlal
Ru
Sif Muna
Trog
Uskayaw
Vehumet
Wu Jian
Xom
Yredelemnul
Zin
The Shining One

Annotations:
Lair:5 exclusion: oklob plant


Innate Abilities, Weirdness & Mutations

You have razor-sharp toenails.
You are mostly covered in large bone plates. (SH +6)
You are powered by pain.


Message History

* * * LOW HITPOINT WARNING * * *
The acid corrodes you!
You are splashed with acid.
You resist.
* * * LOW HITPOINT WARNING * * *
You hit the oklob plant but do no damage.
The oklob plant is heavily damaged.
You hit the oklob plant. You burn the oklob plant.
Unknown command.
Unknown command.
You slice the oklob plant!! You burn the oklob plant.
The oklob plant is almost destroyed.
You slash the oklob plant! You burn the oklob plant. You hit the oklob plant.
You burn the oklob plant.
The oklob plant is almost destroyed.
You slash the oklob plant! You burn the oklob plant.
You destroy the oklob plant!
Trog accepts your kill.
You slice the oklob plant!! You burn the oklob plant.
You destroy the oklob plant!
Trog accepts your kill.
Your skin stops crawling.
You feel less strong-willed. The oklob plant spits acid at you.
The splash of acid hits you! You resist.
* * * LOW HITPOINT WARNING * * *
You are splashed with acid.
You resist.
* * * LOW HITPOINT WARNING * * *
Unknown command.
Unknown command.
Unknown command.
The oklob plant spits acid at you. The splash of acid hits you. You resist.
* * * LOW HITPOINT WARNING * * *
You are splashed with acid.
You resist.
* * * LOW HITPOINT WARNING * * *
You feel a strong urge to attack something.
You see here the +6 flail "Ofomn" {speed, Will+}.
You are too berserk!
You hit the oklob plant but do no damage.
The oklob plant spits acid at you. The splash of acid hits you. You resist.
You die...

## #### ###..#####..###
#..PP##....#.##
#######..............
#...@P#..............
#.....#..............
#==)$.#..............
#$..!)#..............
#:/).$#..............
.#PPP..#..............
........................
.............)..........
#.......PP##.##.#.......


You could see an oklob plant.

Vanquished Creatures
  Josephine (Lair:4)
  3 hydras
  A two-headed ogre (D:10)
  Nergalle (Lair:4)
  3 oklob plants (Lair:5)
  A black mamba (Lair:2)
  9 cane toads
  Joseph (D:7)
  A gargoyle (D:10)
  A rime drake (Lair:3)
  A komodo dragon (Lair:1)
  4 polar bears
  3 tyrant leeches (Lair:3)
  15 blink frogs
  A spriggan (D:10)
  2 redbacks (Lair:2)
  3 wraiths
  3 shadows
  3 wyverns (Lair:2)
  45 yaks
  3 basilisks
  3 vampire mosquitoes (D:11)
  2 steam dragons
  An acid dragon (D:10)
  7 water moccasins
  2 orc warriors
  3 ice beasts (D:7)
  A sky beast (D:6)
  A black bear (Lair:1)
  An ogre (D:5)
  2 necrophages
  2 centaurs
  A wyvern zombie (D:8)
  5 kobold brigands
  9 bullfrogs
  2 scorpions
  A gnoll sergeant (D:10)
  A water moccasin zombie (D:5)
  A killer bee (D:10)
  2 water moccasin skeletons (D:5)
  9 wights
  7 electric eels
  5 howler monkeys
  A bullfrog zombie (D:5)
  2 centaur zombies (D:9)
  6 hounds
  An iguana (D:5)
  10 orc wizards
  A hound zombie (D:5)
  2 howler monkey zombies
  A howler monkey skeleton (D:7)
  5 gnolls (D:10)
  6 adders
  A shadow imp (D:7)
  4 worms
  3 dart slugs
  14 orcs
  11 endoplasms
  A giant cockroach (D:3)
  9 goblins
  8 hobgoblins
  2 quokkas
  9 ball pythons
  3 bats
  3 frilled lizards
  32 kobolds
  5 rats
313 creatures vanquished.

Vanquished Creatures (collateral kills)
  Rupert (Lair:4)
  A rime drake (Lair:4)
2 creatures vanquished.

Vanquished Creatures (others)
  6 fungi
  25 plants
31 creatures vanquished.

Grand Total: 346 creatures vanquished

Notes
Turn   | Place    | Note
-------+----------+-------------------------------------------
     0 | D:1      | bellerephron the Demonspawn Berserker began the quest for
                  | the Orb.
     0 | D:1      | Reached XP level 1. HP: 18/18 MP: 1/1
   359 | D:1      | Reached skill level 3 in Axes
   373 | D:1      | Gained mutation: You have sharp toenails. [demonic
                  | ancestry]
   373 | D:1      | Reached XP level 2. HP: 19/24 MP: 2/2
   890 | D:1      | Reached ** piety under Trog
   982 | D:1      | Found a faded altar of an unknown god.
   989 | D:1      | Reached XP level 3. HP: 29/29 MP: 3/3
  2068 | D:2      | Reached skill level 4 in Axes
  2112 | D:2      | Gained mutation: You are partially covered in large bone
                  | plates. (SH +4) [demonic ancestry]
  2112 | D:2      | Reached XP level 4. HP: 20/35 MP: 4/4
  3020 | D:4      | Found a shimmering altar of Xom.
  3035 | D:4      | Found an ancient bone altar of Kikubaaqudgha.
  3226 | D:4      | Reached XP level 5. HP: 26/41 MP: 5/5
  3335 | D:4      | Found a broken altar of Ashenzari.
  3526 | D:4      | Found an opulent altar of Gozag.
  3644 | D:4      | Reached skill level 5 in Axes
  3725 | D:4      | Gained mutation: You sometimes gain a little power by
                  | taking damage. [demonic ancestry]
  3725 | D:4      | Reached XP level 6. HP: 46/48 MP: 6/6
  3872 | D:5      | Entered Level 5 of the Dungeon
  4355 | D:5      | Gained mutation: You sometimes gain power by taking damage.
                  | [demonic ancestry]
  4355 | D:5      | Reached XP level 7. HP: 55/55 MP: 7/7
  4364 | D:5      | Reached *** piety under Trog
  4372 | D:5      | Reached skill level 6 in Axes
  4672 | D:5      | Found a staircase to the Ecumenical Temple.
  4680 | Temple   | Entered the Ecumenical Temple
  4953 | D:5      | Reached skill level 5 in Fighting
  5180 | D:6      | Reached skill level 1 in Shields
  5243 | D:6      | Found a stormy altar of Qazlal.
  5245 | D:6      | Noticed a fire elemental
  5245 | D:6      | Noticed an air elemental
  5246 | D:6      | Noticed a water elemental
  5253 | D:6      | Gained mutation: You are mostly covered in large bone
                  | plates. (SH +6) [demonic ancestry]
  5253 | D:6      | Reached XP level 8. HP: 62/62 MP: 8/8
  5287 | D:6      | Reached skill level 7 in Axes
  5514 | D:6      | Reached skill level 1 in Throwing
  6176 | D:7      | Reached skill level 8 in Axes
  6725 | D:7      | Reached XP level 9. HP: 59/69 MP: 9/9
  6937 | D:7      | Noticed Joseph
  6961 | D:7      | Killed Joseph
  6962 | D:7      | Reached skill level 9 in Axes
  7148 | D:8      | Identified the +7 broad axe of Conservatism {flame, rElec
                  | rC+ Stlth+}
  7221 | D:8      | Found a staircase to the Lair.
  7743 | D:8      | Found a blossoming altar of Fedhas.
  8042 | D:9      | Reached **** piety under Trog
  8414 | D:9      | Reached skill level 10 in Axes
  8674 | D:9      | Reached XP level 10. HP: 79/79 MP: 10/10
  8681 | D:9      | Reached skill level 5 in Armour
  8936 | D:9      | Found an iron altar of Okawaru.
  9102 | D:10     | Entered Level 10 of the Dungeon
  9159 | D:10     | Reached skill level 11 in Axes
  9278 | D:10     | Noticed a two-headed ogre
  9281 | D:10     | Killed a two-headed ogre
  9555 | D:10     | Reached ***** piety under Trog
  9746 | D:10     | Identified the amulet of Lotimes {RegenMP rCorr Dex-3 SInv}
 10163 | D:10     | Identified a scroll of acquirement
 10164 | D:10     | Acquired a +2 broad axe of electrocution
 10212 | D:10     | Reached skill level 12 in Axes
 10212 | D:10     | Gained mutation: You are powered by pain. [demonic
                  | ancestry]
 10212 | D:10     | Reached XP level 11. HP: 87/87 MP: 11/11
 10298 | D:10     | Paralysed by a spriggan for 5 turns
 10523 | D:10     | Found a faded altar of an unknown god.
 10524 | D:10     | Found a hazy altar of Hepliaklqana.
 10751 | D:11     | Found a flickering gateway to a bazaar.
 10781 | Bazaar   | Entered a bazaar
 10810 | Bazaar   | Found Jeppoag's Distillery.
 10826 | Bazaar   | Found Iluluny's Armour Shoppe.
 10842 | Bazaar   | Found Deck's Antique Armour Shoppe.
 10842 | Bazaar   | Found Nuoptat's Armour Emporium.
 10853 | Bazaar   | Bought a pair of distressingly furry gloves for 237 gold
                  | pieces
 10853 | Bazaar   | Identified the -1 pair of gloves "Folapak" {rF- rC+ Regen+
                  | rCorr} (You bought it in a shop in a bazaar)
 10913 | Bazaar   | Bought a potion of curing for 45 gold pieces
 10913 | Bazaar   | Bought a potion of heal wounds for 75 gold pieces
 10913 | Bazaar   | Bought a potion of curing for 45 gold pieces
 10913 | Bazaar   | Bought a potion of curing for 45 gold pieces
 10913 | Bazaar   | Bought a potion of resistance for 150 gold pieces
 10913 | Bazaar   | Bought a potion of curing for 45 gold pieces
 10967 | D:11     | Reached skill level 1 in Evocations
 11097 | D:11     | Noticed a purple ugly thing
 11219 | Lair:1   | Entered Level 1 of the Lair of Beasts
 13043 | Lair:2   | Gained mutation: You have razor-sharp toenails. [demonic
                  | ancestry]
 13043 | Lair:2   | Reached XP level 12. HP: 72/95 MP: 12/12
 13238 | Lair:2   | Found a hole to the Spider Nest.
 13607 | Lair:2   | Reached skill level 13 in Axes
 14154 | Lair:3   | Noticed an eight-headed hydra
 14163 | Lair:3   | Killed a four-headed hydra
 14163 | Lair:3   | Identified the +11 war axe of the Lost Planets {flame,
                  | Will+} (Trog gifted it to you on level 3 of the Lair of
                  | Beasts)
 14163 | Lair:3   | Received a gift from Trog
 14164 | Lair:3   | Reached skill level 5 in Shields
 14179 | Lair:3   | Reached skill level 5 in Evocations
 14542 | Lair:3   | You fall into a shaft and drop 1 floor!
 14552 | Lair:4   | Noticed Rupert
 14555 | Lair:4   | Paralysed by Rupert for 4 turns
 14567 | Lair:4   | Killed Rupert
 15094 | Lair:4   | Noticed Nergalle
 15094 | Lair:4   | Noticed a four-headed hydra
 15102 | Lair:4   | Killed a one-headed hydra
 15107 | Lair:4   | Killed Nergalle
 15538 | Lair:3   | Reached skill level 10 in Fighting
 15671 | Lair:3   | Found a staircase to the Swamp.
 15905 | Lair:4   | Noticed Josephine
 15941 | Lair:4   | Killed Josephine
 15984 | Lair:4   | Noticed a four-headed hydra
 15991 | Lair:4   | Killed a one-headed hydra
 15992 | Lair:4   | Reached XP level 13. HP: 79/103 MP: 13/13
 16370 | Lair:5   | HP: 6/154 [acid (4)]
 16371 | Lair:5   | Identified the +6 flail "Ofomn" {speed, Will+}
 16372 | Lair:5   | Killed from afar by an oklob plant

Illustrated notes

Levels and vault maps discovered:
D:1:      shiori_arrival_maze, layout_loops_ring,
          chequers_ecumenical_altar_lobes, hex_medium, minmay_tromino_i4
D:2:      layout_loops_corners, corexii_corridor_pit
D:3:      layout_rooms, serial_bayou_pond_b
D:4:      layout_basic, nicolae_overflow_quartered_altars,
          mainiacjoe_overflow_paths
D:5:      layout_basic, zin_statuary, minmay_temple_entry_glassed_door,
          st_stairs_2, minmay_misc_feat_secret_circle
D:6:      layout_cave_pools, nicolae_qazlal_style_of_elements,
          minmay_misc_feat_roman, hangedman_abyss_or_decor_passed
D:7:      layout_gridville, chequers_serial_rivers_marsh, st_stairs_6,
          uniq_joseph
D:8:      layout_basic, pf_just_have_faith, lair_entry_dummy
D:9:      layout_roguey, okawaru_altar_gauntlet_db
D:10:     layout_basic, beargit_hepliaklqana_dungeon_heroes,
          kennysheep_generic_room_15
D:11:     layout_irregular_city, erik_orc_2, serial_shops, bzr_entry_gold,
          lemuel_zombie_altar_yredelemnul
Temple:   minmay_temple_bridge_abc
Lair:1:   layout_regular_city, serial_bayou_shore_a
Lair:2:   layout_cave_pods, spider_nest_entry_webs,
          nicolae_quartered_pool_super, infiniplex_staircase_pool,
          serial_bayou_shore_b
Lair:3:   layout_cave_pods, minmay_swamp_entry_worms
Lair:4:   layout_long_grid, uniq_nergalle, uniq_rupert, uniq_josephine
Lair:5:   layout_big_grid, serial_bayou_shore_b, minmay_lair_oklob_chamber,
          lemuel_fruit_fields, serial_bayou_shore_b, uniq_kirke

Skill      XL: |  1  2  3  4  5  6  7  8  9 10 11 12 |
---------------+-------------------------------------+-----
Axes           | 3 4 5 6 8 10 12 13 | 13.9
Dodging        | 2 3 |  3.3
Fighting       | 4 5 6 7 8 9 10 | 10.1
Armour         | 2 3 4 5 6 7 |  7.7
Shields        | 1 2 4 6 |  6.2
Throwing       | 1 2 3 |  3.5
Evocations     | 4 6 |  6.4

Action                   |  1- 3 |  4- 6 |  7- 9 | 10-12 | 13-15 || total
-------------------------+-------+-------+-------+-------+-------++-------
Melee: Hand axe          |   114 |   145 |   248 |       |       ||   507
       Kick              |    20 |     6 |       |       |       ||    26
       Broad axe         |       |       |    61 |   413 |    24 ||   498
Throw: Dart              |       |     6 |    14 |    55 |     4 ||    79
Invok: Berserk           |       |     5 |     7 |     7 |     1 ||    20
       Trog's Hand       |       |       |     1 |     2 |     1 ||     4
       Brothers in Arms  |       |       |       |     2 |       ||     2
  Use: Scroll            |       |     6 |     6 |    11 |       ||    23
       Potion            |       |     1 |     1 |       |       ||     2
 Stab: Sleeping          |     2 |       |       |       |       ||     2
Armor: Animal skin       |    44 |    18 |       |       |       ||    62
       Scale mail        |       |    42 |   115 |       |       ||   157
       Chain mail        |       |       |     2 |   141 |     7 ||   150
Dodge: Dodged            |    82 |    92 |   111 |   122 |     7 ||   414
Block: Other             |       |    23 |    73 |    31 |       ||   127
       Buckler           |       |       |       |   114 |     5 ||   119
